 Dungeon Crawl Stone Soup version 0.24-a0-520-g8fd06ad (console) character file.

Game seed: 3180347986746748120

7373 swinepaste the Basher (level 11, -7/117 HPs)
             Began as an Ogre Monk on July 23, 2019.
             Was the Champion of the Shining One.
             Mangled by a troll (11 damage)
             ... on level 8 of the Dungeon.
             The game lasted 00:22:25 (9355 turns).

swinepaste the Basher (Ogre Monk)                   Turns: 9355, Time: 00:22:25

Health: -7/117     AC: 12    Str: 17    XL:     11   Next: 14%
Magic:  15/15      EV: 13    Int: 11    God:    the Shining One [******]
Gold:   464        SH:  3    Dex: 14    Spells: 10/10 levels left

rFire    . . .     SeeInvis .   a - +2 morningstar (protect)
rCold    . . .     Gourm    .   (no shield)
rNeg     + + +     Faith    .   K - +0 troll leather armour
rPois    .         Spirit   .   J - +0 hat
rElec    .         Reflect  +   I - scarf {cloud immunity}
rCorr    .         Harm     .   (gloves unavailable)
MR       +....                  (boots unavailable)
Stlth    +.........             g - +3 amulet of reflection
HPRegen  0.69/turn              (no ring)
MPRegen  0.14/turn              (no ring)

@: protection aura, glowing
A: large, unfitting armour, tough skin 1
a: Divine Shield, Cleansing Flame, Summon Divine Warrior, Renounce Religion


You were on level 8 of the Dungeon.
You worshipped the Shining One.
The Shining One was exalted by your worship.
You were not hungry.

You visited 2 branches of the dungeon, and saw 9 of its levels.
You also visited: Ossuary.

You collected 464 gold pieces.

Inventory:

Hand Weapons
 a - a +2 morningstar of protection (weapon)
 b - a +2 giant spiked club of holy wrath
 u - a +0 mace
 v - a +2 dagger of protection
 A - a +0 flail
 C - a +0 giant club
 F - a +2 flail of holy wrath
 G - a +2 hand axe of freezing
 H - a +2 dire flail of venom
Missiles
 h - an atropa-tipped dart
 x - 24 poisoned darts
 y - 4 curare-tipped darts (quivered)
Armour
 k - a +1 robe
 I - a scarf of cloud immunity (worn)
 J - a +0 hat (worn)
 K - a +0 troll leather armour (worn)
Jewellery
 g - a +3 amulet of reflection (around neck)
Wands
 E - a wand of enslavement (10)
Scrolls
 e - 5 scrolls of identify
 m - 3 scrolls of magic mapping
 n - 5 scrolls of remove curse
 p - 2 scrolls of enchant armour
 q - 5 scrolls of immolation
 r - a scroll of fear
 s - a scroll of amnesia
 D - 2 scrolls of teleportation
Potions
 d - 3 potions of cancellation {unknown}
 f - 2 potions of resistance
 i - a potion of lignification
 j - 3 potions of curing {unknown}
 l - 3 potions of heal wounds {unknown}
 o - 2 potions of might {unknown}
 t - 2 potions of haste {unknown}
 w - a potion of degeneration {unknown}
 z - 5 potions of flight {unknown}
 B - a potion of magic {unknown}
Comestibles
 c - 7 rations
 L - 5 chunks of flesh


   Skills:
 - Level 9.8 Fighting
 + Level 11.6 Maces & Flails
 - Level 7.0 Dodging
 - Level 1.4 Stealth
 + Level 6.1 Invocations


You had 10 spell levels left.
You didn't know any spells.
Your spell library contained the following spells:

 Spells                   Type           Power        Failure   Level  Hunger
 Animate Skeleton         Necr           N/A          41%         1    ##.....
 Apportation              Tloc           #.....       41%         1    ##.....
 Confusing Touch          Hex            #.....       41%         1    ##.....
 Summon Small Mammal      Summ           #...         41%         1    ##.....


Dungeon Overview and Level Annotations

Branches:
Dungeon (8/15)             Temple (1/1) D:7
   Lair: D:8-11

Altars:
Ashenzari
Cheibriados
Dithmenos
Elyvilon
Fedhas
Gozag
Hepliaklqana
Kikubaaqudgha
Makhleb
Nemelex Xobeh
Okawaru
Qazlal
Ru
Sif Muna
Trog
Uskayaw
Vehumet
Wu Jian
Xom
Yredelemnul
Zin
The Shining One


Innate Abilities, Weirdness & Mutations

You are too large for most types of armour.
You have tough skin. (AC +1)


Message History

You thump the troll!
Your weapon exudes an aura of protection.
The troll is moderately wounded.
The troll misses you. x2; The troll claws you but does no damage.
You sock the troll!
The troll is severely wounded.
The troll bites you!
* * * LOW HITPOINT WARNING * * *
The troll misses you. The troll claws you.
* * * LOW HITPOINT WARNING * * *
You barely miss the troll.
The troll is severely wounded.
The troll barely misses you. The troll claws you.
* * * LOW HITPOINT WARNING * * *
The troll claws you!
* * * LOW HITPOINT WARNING * * *
You closely miss the troll.
The troll is heavily wounded.
The troll bites you!
You die...

#.##,*****,*##.###.......##.#(#..
..#,,,,,,,,,*#.##.........##.##.#
.##,*******,*#.##.).......##)#..#
.#+*********+##'##'#########'#.#*
.#,**,,,,,,,,,##.##.........##.*
##,**,*******,##.##.#.#.#.#.#..*#
#,*,**,,,,,,,*#.†.##.#.#.#.##.###
#,*,**,*****,##T..##.......#.....
,***,**,,,,,*#.#O#.##.....##.....
,*,*,**,***,*#.#.#.##.#.#.#.....#
**,**,**,,,*#.##.##.##.#.##.....#
*,,,*,**,*,*#.*...*.##...#......#
**,***,**,**.##...##.*#.##.¢###..
,,,,,,,**,*#.*!...[*.#*,#..#* #.)
**********,,*#######****#..####..
#########################...)[...
....................)......#####.


You could see a troll.

Vanquished Creatures
  Gastronok (D:8)
  A two-headed ogre (D:8)
  An ugly thing (D:7)
  A gargoyle (D:8)
  A troll (D:8)
  A hornet (D:8)
  A wyvern (D:8)
  A hungry ghost (D:8)
  A water moccasin (D:6)
  An orc warrior (D:8)
  3 ice beasts
  2 black bears
  2 ogres
  A sky beast (D:4)
  2 phantoms
  3 centaurs
  A crocodile (D:8)
  6 bullfrogs
  A wyvern zombie (D:8)
  A gnoll sergeant (D:5)
  A water moccasin skeleton (D:5)
  3 scorpions
  3 howler monkeys
  3 crimson imps
  A human zombie (Ossuary)
  2 quasits
  4 hounds
  3 bullfrog skeletons
  8 orc wizards
  9 orc priests
  3 jellies
  A centaur skeleton (D:5)
  4 centaur zombies
  3 iguanas
  4 worker ants
  2 ogre zombies (Ossuary)
  A hound zombie (D:7)
  7 mummies (Ossuary)
  A worker ant zombie (D:7)
  7 gnolls
  A howler monkey skeleton (D:8)
  9 adders
  2 shadow imps
  2 oozes (D:3)
  3 adder zombies (Ossuary)
  3 worms
  2 dart slugs (D:2)
  2 leopard geckos
  22 orcs
  9 bats
  6 giant cockroaches
  8 goblins
  9 hobgoblins
  7 jackals
  5 kobolds
  3 quokkas
  2 ball pythons (D:5)
  4 frilled lizards
  A gnoll zombie (Ossuary)
  4 goblin zombies (Ossuary)
  3 hobgoblin zombies (Ossuary)
  A jackal zombie (D:8)
  3 kobold zombies (Ossuary)
  5 quokka zombies
  7 rats
  7 rat zombies (Ossuary)
232 creatures vanquished.

Vanquished Creatures (others)
  A crimson imp (D:8)
1 creature vanquished.

Grand Total: 233 creatures vanquished

Notes
Turn   | Place    | Note
-------+----------+-------------------------------------------
     0 | D:1      | swinepaste the Ogre Monk began the quest for the Orb.
     0 | D:1      | Reached XP level 1. HP: 24/24 MP: 1/1
   236 | D:1      | Reached skill level 3 in Maces & Flails
   236 | D:1      | Reached XP level 2. HP: 20/32 MP: 2/2
   949 | D:2      | Reached XP level 3. HP: 38/39 MP: 3/3
  1204 | D:2      | Found an ornate altar of the Wu Jian Council.
  1207 | D:2      | Found a deep blue altar of Sif Muna.
  1211 | D:2      | Found a snail-covered altar of Cheibriados.
  1211 | D:2      | Found a glowing golden altar of the Shining One.
  1213 | D:2      | Found a stormy altar of Qazlal.
  1215 | D:2      | Found a shadowy altar of Dithmenos.
  1220 | D:2      | Became a worshipper of the Shining One
  1220 | D:2      | Reached * piety under the Shining One
  1220 | D:2      | Reached ** piety under the Shining One
  1634 | D:3      | Reached XP level 4. HP: 46/49 MP: 4/4
  1829 | D:3      | Reached skill level 4 in Maces & Flails
  1833 | D:3      | Reached XP level 5. HP: 50/55 MP: 5/5
  1839 | D:3      | Reached skill level 5 in Fighting
  2572 | D:4      | Noticed a phantom
  2624 | D:4      | Reached skill level 5 in Maces & Flails
  2624 | D:4      | Reached XP level 6. HP: 17/66 MP: 6/6
  2897 | D:4      | Killed a phantom
  3505 | D:4      | Noticed a sky beast
  3515 | D:4      | Killed a sky beast
  3515 | D:4      | Reached skill level 6 in Maces & Flails
  3515 | D:4      | Reached XP level 7. HP: 65/76 MP: 7/7
  3516 | D:4      | Found a white marble altar of Elyvilon.
  3568 | D:4      | Found a sparkling altar of Nemelex Xobeh.
  3749 | D:4      | Found a shadowy altar of Dithmenos.
  3833 | D:5      | Entered Level 5 of the Dungeon
  4709 | D:5      | Reached skill level 7 in Maces & Flails
  4729 | D:5      | Reached XP level 8. HP: 86/87 MP: 8/8
  5591 | D:6      | Found a radiant altar of Vehumet.
  5591 | D:6      | Reached *** piety under the Shining One
  5592 | D:6      | Found a shattered altar of Ashenzari.
  5611 | D:6      | Reached skill level 8 in Maces & Flails
  5635 | D:6      | Found a sacrificial altar of Ru.
  5660 | D:6      | Reached skill level 5 in Dodging
  5843 | D:6      | Reached XP level 9. HP: 41/93 MP: 9/9
  6397 | D:7      | Noticed a cyan ugly thing
  6412 | D:7      | Killed a cyan ugly thing
  6412 | D:7      | Reached skill level 9 in Maces & Flails
  6535 | D:7      | Found a blossoming altar of Fedhas.
  6637 | D:7      | Reached **** piety under the Shining One
  6724 | D:7      | Found a hazy altar of Hepliaklqana.
  6841 | D:7      | Found a staircase to the Ecumenical Temple.
  7104 | Temple   | Entered the Ecumenical Temple
  7402 | D:8      | Reached XP level 10. HP: 78/102 MP: 13/13
  7658 | D:8      | Found a sand-covered staircase.
  7763 | Ossuary  | Entered an ossuary
  7823 | Ossuary  | Reached ***** piety under the Shining One
  8215 | Ossuary  | Reached ****** piety under the Shining One
  8268 | D:8      | Noticed a two-headed ogre
  8276 | D:8      | Killed a two-headed ogre
  8276 | D:8      | Reached skill level 10 in Maces & Flails
  8307 | D:8      | Identified a +2 giant spiked club of holy wrath (a +0 giant
                  | spiked club blessed by the Shining One)
  8307 | D:8      | Received a gift from the Shining One
  8606 | D:8      | Noticed Gastronok
  8658 | D:8      | Killed Gastronok
  8658 | D:8      | Reached skill level 11 in Maces & Flails
  9203 | D:8      | Reached skill level 5 in Invocations
  9254 | D:8      | Reached XP level 11. HP: 87/117 MP: 14/14
  9286 | D:8      | Found a runed translucent door.
  9354 | D:8      | HP: 4/117 [troll (8)]
  9355 | D:8      | Mangled by a troll

Levels and vault maps discovered:
D:1:      minmay_arrival_hallway, layout_loops_ring, minmay_pentomino_o2
D:2:      layout_basic, minitemple, first_ration, due_unseen_surprise
D:3:      layout_loops_corners
D:4:      layout_cave_pools, nemelex_xobeh_ov_fountains_minmay,
          elyvilon_altar_3, minmay_misc_feat_secret_circle,
          nicolae_dithmenos_the_darkroom
D:5:      corexii_shack_village, layout_basic,
          eino_small_chamber_without_monster, minmay_puff
D:6:      layout_rooms, chequers_temple_overflow_statue_of_worship
D:7:      layout_loops_ring, fedhas_ov_isle_minmay, temple_statues, basic_altar,
          minmay_strange_pillars
D:8:      minmay_the_grid_triangle_9x9_rhombus_full
          [minmay_the_grid_triangle_9x9_zippers_horizontal,
          minmay_the_grid_triangle_9x9_subtriangle,
          minmay_the_grid_triangle_9x9_windchime,
          minmay_the_grid_triangle_9x9_empty,
          minmay_the_grid_triangle_9x9_zippers_vertical,
          minmay_the_grid_triangle_9x9_steps,
          minmay_the_grid_triangle_9x9_flanged_cone,
          minmay_the_grid_triangle_9x9_prize_top_heavy], layout_layer_cave,
          lightli_ossuary_entry_decrepit_ruins, uniq_gastronok
Temple:   eino_temple_lava

Skill      XL: |  1  2  3  4  5  6  7  8  9 10 11 |
---------------+----------------------------------+-----
Maces & Flails | 3 4 5 6 7 8 9 11 | 11.6
Dodging        | 3 5 7 |  7.0
Fighting       | 5 6 7 9 |  9.8
Invocations    | 4 5 6 |  6.1
Stealth        | |  1.4

Action                   |  1- 3 |  4- 6 |  7- 9 | 10-12 || total
-------------------------+-------+-------+-------+-------++-------
Melee: Mace              |    40 |       |       |       ||    40
       Hand axe          |    52 |   110 |    36 |       ||   198
       Flail             |       |       |    36 |    75 ||   111
       Morningstar       |       |       |   276 |    99 ||   375
       Giant spiked club |       |       |       |    11 ||    11
Throw: Dart              |     1 |       |     4 |     3 ||     8
Invok: Divine Shield     |       |       |     1 |       ||     1
       Brand Weapon With |       |       |       |     1 ||     1
  Use: Scroll            |       |       |     4 |    10 ||    14
 Stab: Sleeping          |     3 |       |       |       ||     3
  Eat: Chunk             |     2 |     6 |    10 |     4 ||    22
       Ration            |       |       |     1 |     1 ||     2
Armor: Robe              |    31 |    14 |   116 |    13 ||   174
       Troll leather arm |       |       |       |     1 ||     1
Dodge: Dodged            |    50 |    62 |   220 |    85 ||   417
Block: Other             |    12 |     9 |    46 |    19 ||    86
       Reflection        |     1 |       |       |     1 ||     2

Table legend:
 A = Non-vault XP
 B = Vault XP
 C = Vault XP percentage of total XP
 D = Non-vault monster count
 E = Vault monster count
 F = Vault count percentage of total count
                 A         B        C        D         E       F
            +---------+---------+-------+---------+---------+-------
      Total |    6543 |    3991 |  37.9 |     170 |      62 |  26.7
            +---------+---------+-------+---------+---------+-------
        D:1 |      27 |       2 |   6.9 |      14 |       2 |  12.5
        D:2 |      30 |       0 |   0.0 |      13 |       0 |   0.0
        D:3 |     182 |       0 |   0.0 |      22 |       0 |   0.0
        D:4 |     474 |       0 |   0.0 |      13 |       0 |   0.0
        D:5 |     956 |      67 |   6.5 |      26 |      10 |  27.8
        D:6 |     960 |       0 |   0.0 |      20 |       0 |   0.0
        D:7 |    1739 |       0 |   0.0 |      35 |       0 |   0.0
        D:8 |    2175 |    3517 |  61.8 |      27 |      13 |  32.5
    Ossuary |       0 |     405 | 100.0 |       0 |      37 | 100.0
            +---------+---------+-------+---------+---------+-------
